 Dungeon Crawl Stone Soup version 0.23.2 (webtiles) character file.

Game seed: 15610780692163234490

12002 Borgoz the Slicer (level 11, -2/68 HPs)
             Began as a Gargoyle Gladiator on Apr 8, 2019.
             Was a Believer of Ashenzari.
             Killed from afar by an ice statue (25 damage)
             ... with a shard of ice
             ... in an ice cave.
             The game lasted 00:22:40 (10529 turns).

Borgoz the Slicer (Gargoyle Gladiator)             Turns: 10529, Time: 00:22:41

Health: -2/68      AC: 17    Str: 23    XL:     11   Next: 86%
Magic:  11/11      EV: 21    Int: 14    God:    Ashenzari [**....]
Gold:   649        SH:  0    Dex: 14    Spells: 10/10 levels left

rFire    . . .     SeeInvis .   b - +1 dagger (elec)
rCold    . . .     Gourm    .   (no shield)
rNeg     + . .     Faith    .   N - +0 troll leather armour
rPois    ∞         Spirit   .   c - +1 helmet
rElec    +         Reflect  .   i - scarf {repulsion}
rCorr    .         Harm     .   x - +0 pair of gloves
MR       .....                  (no boots)
Stlth    ++++......             (no amulet)
HPRegen  0.61/turn              F - +5 ring of intelligence
MPRegen  0.12/turn              r - +4 ring of evasion

@: mighty, repel missiles
A: negative energy resistance 1, electricity resistance, unbreathing,
petrification resistance, rot immunity, AC +8
a: Curse Item, Scrying, Renounce Religion


You were in an ice cave.
You worshipped Ashenzari.
Ashenzari was pleased with you.
You were not hungry.

You visited 2 branches of the dungeon, and saw 13 of its levels.
You also visited: Sewer and Ice Cave.

You collected 1129 gold pieces.
You spent 480 gold pieces at shops.

Inventory:

Hand Weapons
 a - a +2 short sword of venom
 b - a +1 dagger of electrocution (weapon)
 e - a +0 rapier
 L - a +1 quick blade of flaming
Missiles
 k - 3 javelins of penetration
 o - 14 tomahawks
 C - 3 poisoned tomahawks
 P - 3 throwing nets (quivered)
Armour
 c - a +1 helmet (worn)
 i - a scarf of repulsion (worn)
 j - a +1 plate armour of fire resistance
 x - a +0 pair of gloves (worn)
 M - +0 acid dragon scales
 N - a +0 troll leather armour (worn)
 O - the +1 ring mail "Oraptiec" {Int+3}
   (You found it on level 8 of the Dungeon)

   It affects your intelligence (+3).
Jewellery
 r - a +4 ring of evasion (right hand)
 D - an uncursed ring of positive energy
 F - a +5 ring of intelligence (left hand)
 S - an uncursed amulet of magic regeneration
 U - an uncursed ring of magical power
Wands
 d - a wand of flame (15)
 q - a wand of polymorph (11)
 z - a wand of paralysis (16)
 E - a wand of random effects (11)
 K - a wand of clouds (7)
Scrolls
 g - 7 scrolls of teleportation
 m - 5 scrolls of identify
 v - 8 scrolls of remove curse
 w - 3 scrolls of amnesia
 y - 6 scrolls of fog
 G - 3 scrolls of enchant armour
 Q - a scroll of immolation
 R - a scroll of random uselessness
 T - a scroll of enchant weapon
Potions
 h - a potion of ambrosia
 l - a potion of mutation
 n - a potion of might
 p - 10 potions of curing
 s - 7 potions of brilliance
 t - a potion of flight
 u - 4 potions of haste
 A - 2 potions of heal wounds
 B - a potion of agility
 H - a potion of resistance
 J - a potion of cancellation
Comestibles
 f - 17 rations


   Skills:
 + Level 8.0 Fighting
 * Level 9.7 Short Blades
 - Level 1.7 Throwing
 + Level 7.5 Armour
 * Level 8.8 Dodging
 + Level 8.4 Stealth


You had 10 spell levels left.
You didn't know any spells.
Your spell library contained the following spells:

 Spells                   Type           Power        Failure   Level  Hunger
 Beastly Appendage        Tmut           #.....       32%         1    ##.....
 Flame Tongue             Conj/Fire      #....        32%         1    ##.....
 Magic Dart               Conj           #...         32%         1    ##.....
 Sting                    Conj/Pois      #...         32%         1    ##.....
 Blink                    Tloc           N/A          43%         2    ###....
 Call Imp                 Summ           #.......     43%         2    ###....
 Poisonous Vapours        Pois/Air       #.....       43%         2    ###....
 Slow                     Hex            #.......     43%         2    ###....
 Sticks to Snakes         Tmut           #.......     43%         2    ###....
 Throw Flame              Conj/Fire      #.....       43%         2    ###....
 Conjure Flame            Conj/Fire      #.......     67%         3    ####...
 Inner Flame              Hex/Fire       #.......     67%         3    ####...
 Mephitic Cloud           Conj/Pois/Air  #.......     67%         3    ####...
 Spider Form              Tmut/Pois      #.........   67%         3    ####...
 Animate Dead             Necr           N/A          97%         4    #####..
 Ice Form                 Ice/Tmut       #.......     97%         4    #####..
 Olgreb's Toxic Radiance  Pois           #.......     97%         4    #####..
 Sticky Flame             Conj/Fire      #.......     97%         4    #####..
 Agony                    Necr           #.......     100%        5    ######.
 Blade Hands              Tmut           #.........   100%        5    ######.
 Fireball                 Conj/Fire      #.........   100%        5    ######.
 Venom Bolt               Conj/Pois      #.........   100%        5    ######.


Dungeon Overview and Level Annotations

Branches:
Dungeon (12/15)            Temple (1/1) D:5            Lair (0/6) D:11
    Orc: D:9-12

Altars:
Ashenzari
Cheibriados
Dithmenos
Elyvilon
Fedhas
Gozag
Hepliaklqana
Kikubaaqudgha
Makhleb
Nemelex Xobeh
Okawaru
Qazlal
Ru
Sif Muna
Trog
Uskayaw
Vehumet
Wu Jian
Xom
Yredelemnul
Zin
The Shining One

Shops:
D:5 *   D:11 ?

Annotations:
IceCv 1 transporter, exclusion: 2 ice statues


Innate Abilities, Weirdness & Mutations

You are resistant to torment.
Your stone body is resilient. (AC +8)
You are immune to poison.
You resist negative energy. (rN+)
You are resistant to electric shocks. (rElec)
You can survive without breathing.
You are immune to petrification.
You are immune to rotting.


Message History

The ice statue is moderately damaged.
The ice beast misses you.
The ice statue gestures.
You puncture the ice statue!
The ice statue is heavily damaged.
The ice beast hits you but does no damage.
You puncture the ice statue!
The ice statue is heavily damaged.
The ice beast barely misses you. The ice statue gestures at you.
The shard of ice hits you!!
You hit the ice statue but do no damage.
The ice statue is heavily damaged.
The ice beast hits you. The ice beast freezes you!
You hit the ice statue.
The ice statue is heavily damaged.
The ice beast misses you. The ice statue gestures at you.
The shard of ice hits you!!
You die...

#######
##.....##
##...∩...##
##.........##
#.....©.....#
#...........#
##....Y......#*
#.....@Y......#
#....8Y..8....#
#......(......#
##....$.!....##
#...8.}.8...#
##...(©%...##
###########


You could see 2 ice statues and 3 ice beasts.

Vanquished Creatures
  5 two-headed ogres
  2 ugly things (IceCv)
  A gargoyle (D:8)
  A komodo dragon (D:11)
  5 trolls
  Prince Ribbit (D:6)
  A basilisk (D:8)
  3 acid dragons (D:8)
  A water moccasin (D:8)
  3 orc warriors
  8 ice beasts
  3 phantoms
  2 sky beasts
  4 ogres
  8 centaurs
  A crocodile (D:9)
  7 bullfrogs
  3 big kobolds
  A wyvern zombie (D:6)
  A water moccasin zombie (D:6)
  4 scorpions
  9 killer bees
  An electric eel (D:12)
  4 crimson imps
  4 bullfrog zombies
  4 centaur zombies
  10 hounds
  3 bullfrog skeletons
  3 jellies
  2 orc priests
  6 orc wizards
  A centaur skeleton (D:6)
  4 iguanas
  8 worker ants
  A killer bee zombie (D:6)
  3 hound zombies (D:6)
  A hound skeleton (D:3)
  A worker ant zombie (D:6)
  17 adders
  8 gnolls
  A howler monkey skeleton (D:6)
  A shadow imp (D:5)
  9 oozes
  2 adder skeletons
  3 adder zombies (D:6)
  6 dart slugs
  9 leopard geckos
  23 orcs
  11 giant cockroaches
  9 goblins
  5 hobgoblins
  10 jackals
  29 kobolds
  3 quokkas
  2 ball pythons
  10 bats
  7 frilled lizards
  A jackal skeleton (D:8)
  A leopard gecko zombie (D:6)
  13 rats
  A plant (D:11)
311 creatures vanquished.

Vanquished Creatures (others)
  An adder (D:12)
  An orc (D:12)
  A fungus (D:3)
  3 plants
  5 toadstools (D:3)
11 creatures vanquished.

Grand Total: 322 creatures vanquished

Notes
Turn   | Place    | Note
-------+----------+-------------------------------------------
     0 | D:1      | Borgoz the Gargoyle Gladiator began the quest for the Orb.
     0 | D:1      | Reached XP level 1. HP: 12/12 MP: 1/1
    46 | D:1      | Reached XP level 2. HP: 7/18 MP: 2/2
   356 | D:1      | Reached skill level 3 in Short Blades
   609 | D:1      | Reached XP level 3. HP: 19/22 MP: 3/3
   664 | D:2      | Reached skill level 1 in Stealth
   733 | D:2      | Reached skill level 1 in Armour
   848 | D:2      | Reached XP level 4. HP: 27/27 MP: 4/4
  1315 | D:3      | Reached XP level 5. HP: 32/32 MP: 5/5
  1540 | D:3      | Reached skill level 4 in Short Blades
  1540 | D:3      | Reached XP level 6. HP: 23/37 MP: 6/6
  1696 | D:3      | Noticed a sky beast
  1706 | D:3      | Killed a sky beast
  1812 | D:3      | Reached XP level 7. HP: 11/41 MP: 7/7
  2234 | D:3      | Found a faded altar of an unknown god.
  3210 | D:5      | Entered Level 5 of the Dungeon
  3211 | D:5      | Found Zin's Purification Station.
  3213 | D:5      | Found a glowing silver altar of Zin.
  3232 | D:5      | Found a glowing drain.
  3303 | Sewer    | Entered a sewer
  3361 | Sewer    | Reached skill level 5 in Short Blades
  3484 | Sewer    | Reached XP level 8. HP: 48/48 MP: 8/8
  3671 | D:5      | Found an iron altar of Okawaru.
  3870 | D:5      | Reached skill level 5 in Dodging
  4113 | D:5      | Found a staircase to the Ecumenical Temple.
  4555 | Temple   | Entered the Ecumenical Temple
  4590 | Temple   | Became a worshipper of Ashenzari the Shackled
  5151 | D:6      | Reached skill level 6 in Short Blades
  5220 | D:6      | Reached XP level 9. HP: 46/53 MP: 9/9
  5239 | D:6      | Reached skill level 5 in Fighting
  5239 | D:6      | Reached skill level 5 in Stealth
  5313 | D:6      | Found a sparkling altar of Nemelex Xobeh.
  5604 | D:6      | Noticed Prince Ribbit
  5681 | D:6      | Killed Prince Ribbit
  5972 | D:7      | Reached skill level 5 in Armour
  6135 | D:7      | Reached skill level 7 in Short Blades
  7051 | D:8      | Noticed a two-headed ogre
  7083 | D:8      | Reached XP level 10. HP: 55/60 MP: 10/10
  7173 | D:8      | Found an ancient bone altar of Kikubaaqudgha.
  7174 | D:8      | Found a blossoming altar of Fedhas.
  7346 | D:8      | Noticed a gargoyle
  7346 | D:8      | Noticed a two-headed ogre
  7356 | D:8      | Killed a gargoyle
  7358 | D:8      | Killed a two-headed ogre
  7490 | D:8      | Reached skill level 8 in Short Blades
  7557 | D:8      | Killed a two-headed ogre
  7575 | D:8      | Got the uncursed ring mail "Oraptiec" {Int+3}
  7586 | D:8      | Identified the +1 ring mail "Oraptiec" {Int+3} (You found
                  | it on level 8 of the Dungeon)
  8274 | D:9      | Noticed a two-headed ogre
  8275 | D:9      | Reached * piety under Ashenzari
  8289 | D:9      | Killed a two-headed ogre
  8289 | D:9      | Reached XP level 11. HP: 67/67 MP: 11/11
  8787 | D:9      | Noticed a two-headed ogre
  8790 | D:9      | Killed a two-headed ogre
  8790 | D:9      | Reached skill level 9 in Short Blades
  8860 | D:10     | Entered Level 10 of the Dungeon
  9313 | D:10     | Noticed a two-headed ogre
  9319 | D:10     | Killed a two-headed ogre
  9560 | D:11     | Found a shadowy altar of Dithmenos.
  9583 | D:11     | Found a staircase to the Lair.
  9656 | D:11     | Found Bash's Magic Scroll Shoppe.
  9681 | D:11     | Bought a scroll of identify for 32 gold pieces
  9681 | D:11     | Bought a scroll of identify for 32 gold pieces
  9681 | D:11     | Bought 3 scrolls of identify for 96 gold pieces
  9681 | D:11     | Bought a scroll of brand weapon for 320 gold pieces
  9732 | D:11     | Identified the Compendium of Contamination and Evil Rituals
  9780 | D:11     | Reached ** piety under Ashenzari
 10052 | D:12     | Noticed a deep elf mage
 10236 | D:12     | Found a frozen archway.
 10406 | IceCv    | Entered an ice cave
 10406 | IceCv    | Noticed a white ugly thing
 10409 | IceCv    | Found a transporter.
 10420 | IceCv    | Killed a white ugly thing
 10512 | IceCv    | Noticed a white ugly thing
 10513 | IceCv    | Found a transporter.
 10517 | IceCv    | Killed a white ugly thing
 10529 | IceCv    | Killed from afar by an ice statue

Skill      XL: |  1  2  3  4  5  6  7  8  9 10 11 |
---------------+----------------------------------+-----
Short Blades   | 3 4 5 6 7 8 9 |  9.7
Stealth        | 1 2 3 4 6 7 8 |  8.4
Armour         | 1 2 3 4 5 6 7 |  7.5
Dodging        | 3 4 5 6 7 8 |  8.8
Fighting       | 3 4 6 7 8 |  8.0
Throwing       | |  1.7

Action                   |  1- 3 |  4- 6 |  7- 9 | 10-12 || total
-------------------------+-------+-------+-------+-------++-------
Melee: Rapier            |    19 |       |       |       ||    19
       Short sword       |    62 |   183 |   305 |       ||   550
       Dagger            |       |       |   278 |   431 ||   709
       Quick blade       |       |       |       |    45 ||    45
Throw: Throwing net      |       |     1 |       |     7 ||     8
Evoke: Wand              |       |       |       |     2 ||     2
  Use: Scroll            |       |     5 |       |    18 ||    23
       Potion            |       |       |     2 |     6 ||     8
 Stab: Sleeping          |     1 |     3 |    24 |    15 ||    43
       Held in net/web   |       |     1 |       |     6 ||     7
       Confused          |       |       |       |     1 ||     1
  Eat: Chunk             |       |     3 |    10 |    11 ||    24
       Ration            |       |       |     2 |     1 ||     3
Armor: Leather armour    |    25 |    64 |   157 |    15 ||   261
       Troll leather arm |       |       |       |    75 ||    75
Dodge: Dodged            |    43 |   172 |   553 |   259 ||  1027
       Deflected         |       |     4 |     3 |     5 ||    12
